 Dungeon Crawl Stone Soup version 0.15.2 (webtiles) character file.

75 theanonym the Slasher (level 4, -6/29 HPs)
             Began as a High Elf Death Knight on Dec 6, 2018.
             Was a Believer of Yredelemnul.
             Mangled by Crazy Yiuf
             ... wielding a +2 quarterstaff of chaos
              (10 damage)
             ... on Level 2 of the Dungeon.
             The game lasted 00:03:16 (2062 turns).

theanonym the Slasher (High Elf Death Knight)       Turns: 2062, Time: 00:03:16

HP  -6/29        AC  5     Str 13      XL: 4   Next: 11%
MP   8/9         EV  9     Int 14      God: Yredelemnul [**....]
Gold 58          SH  0     Dex 15      Spells:  0 memorised,  3 levels left

rFire  . . .     SeeInvis .     a - +1 falchion
rCold  . . .     Clarity  .     g - +0 ring mail (curse)
rNeg   . . .     rCorr    .     (no shield)
rPois  +         rRot     .     (no helmet)
rElec  .         Spirit   .     (no cloak)
SustAb .         Warding  .     (no gloves)
rMut   .         Stasis   .     (no boots)
Gourm  .                        (no amulet)
MR     .....                    (no ring)
                                f - ring of poison resistance

@: not resistant to hostile enchantments, very unstealthy
A: no striking features
a: Animate Remains, Recall Undead Slaves, Injury Mirror, Renounce Religion


   Skills:
 - Level 2.0 Fighting
 + Level 5.3 Long Blades
 - Level 0.8 Armour
 - Level 1.1 Dodging
 - Level 3.0 Invocations


You had 3 spell levels left.
You didn't know any spells.

Action                   |  1- 3 |  4- 6 || total
-------------------------+-------+-------++-------
Melee: Falchion          |   127 |    17 ||   144
Invok: Animate Remains   |    12 |     1 ||    13
  Use: Potion            |       |     1 ||     1
  Eat: Chunk             |     3 |     1 ||     4

Inventory:

Hand weapons
 a - a +1 falchion (weapon)
Armour
 b - a +0 leather armour
 g - a cursed +0 ring mail (worn)
   (You found it on level 1 of the Dungeon)
Comestibles
 c - 2 bread rations
 i - 2 meat rations
 j - a beef jerky
 n - a chunk of goblin flesh
Scrolls
 e - 3 scrolls of identify {unknown}
 k - a scroll of recharging {unknown}
Jewellery
 f - a ring of poison resistance (left hand)
   (You found it on level 1 of the Dungeon)
 l - an uncursed ring of ice
   (You found it on level 2 of the Dungeon)
 m - an uncursed ring of ice
   (You found it on level 2 of the Dungeon)
Potions
 d - a potion of degeneration {unknown}


You were on level 2 of the Dungeon.
You worshipped Yredelemnul.
Yredelemnul was pleased with you.
You were hungry.

You visited 1 branch of the dungeon, and saw 2 of its levels.

You collected 58 gold pieces.

Dungeon Overview and Level Annotations

Branches:
Dungeon (2/15)

Altars:
Fedhas
Qazlal

Annotations:
D:2 Crazy Yiuf

#######.#####.....##...#
...####.#####.......)..#
...........##......#####
...........###.#...#######
...######..####....#.....#(.
##..# ##.......#..........
###.######.....#.#.#.....# #
#>%..#..Z##.....(......#
####...####.##@###.....# ###.#
#....g##.....### #Z#
###..Z........... ##.#
#..##).####.### #..# ###.####.#
#.# #######..###...####.# ##.#
%..........g........###..# ..
###......#.########......###....
###......#.# ###Z...........


You could see Crazy Yiuf and a friendly quokka zombie.

Notes
Turn   | Place    | Note
--------------------------------------------------------------
     0 | D:1      | theanonym, the High Elf Death Knight, began the quest for the Orb.
     0 | D:1      | Reached XP level 1. HP: 14/14 MP: 3/3
   373 | D:1      | Reached skill level 3 in Long Blades
   536 | D:1      | HP: 7/14 [goblin/club (2)]
   541 | D:1      | HP: 3/14 [goblin/club (3)]
   542 | D:1      | Reached XP level 2. HP: 4/19 MP: 1/4
  1111 | D:1      | Reached skill level 4 in Long Blades
  1337 | D:2      | HP: 8/19 [worm (2)]
  1339 | D:2      | Acquired Yredelemnul's second power
  1339 | D:2      | Reached XP level 3. HP: 10/24 MP: 7/7
  1588 | D:2      | Found a blossoming altar of Fedhas.
  1591 | D:2      | Found a stormy altar of Qazlal.
  1640 | D:2      | Reached skill level 5 in Long Blades
  1792 | D:2      | Reached XP level 4. HP: 25/29 MP: 9/9
  2000 | D:2      | Noticed Crazy Yiuf
  2005 | D:2      | HP: 9/29 [Crazy Yiuf/quarterstaff of chaos (10)]
  2061 | D:2      | HP: 4/29 [Crazy Yiuf/quarterstaff of chaos (10)]
  2062 | D:2      | Mangled by Crazy Yiuf

Vanquished Creatures
  3 adders (D:2)
  A worm (D:2)
  2 giant geckos (D:1)
  2 bats
  4 goblins
  7 hobgoblins
  2 quokkas (D:2)
  3 ball pythons
  3 giant cockroaches
  6 giant newts
  4 kobolds
  4 rats
41 creatures vanquished.

Vanquished Creatures (collateral kills)
  A ball python (D:1)
  A goblin (D:1)
  A hobgoblin (D:1)
  2 giant newts
  2 kobolds (D:2)
  2 rats
9 creatures vanquished.

Vanquished Creatures (others)
  A worm zombie (D:2)
  An adder skeleton (D:2)
  An adder zombie (D:2)
  A hobgoblin zombie (D:2)
  A quokka zombie (D:2)
5 creatures vanquished.

Grand Total: 55 creatures vanquished

Table legend:
 A = Turns spent in this place as a percentage of turns spent in the entire game.
 B = Non-inter-level travel turns spent in this place as a percentage of non-inter-level travel turns spent in the entire game.
 C = Inter-level travel turns spent in this place as a percentage of turns spent in this place.
 D = Turns resting spent in this place as a percentage of non-inter-level travel turns spent in this place.
 E = Turns spent auto-exploring this place as a percentage of non-inter-level travel turns spent in this place.
 F = Non-inter-level travel turns spent in this place divided by the number of levels of this place that you've seen.
                   A       B       C       D       E      F
               +-------+-------+-------+-------+-------+----------------------
         Total | 100.0 | 100.0 |   0.2 |   4.5 |  10.6 | 277.5
       Dungeon | 100.0 | 100.0 |   0.2 |   4.5 |  10.6 | 277.5
               +-------+-------+-------+-------+-------+----------------------
